 Dungeon Crawl Stone Soup version 0.31-a0-233-g139696dc86 (webtiles) character file.

Game seed: 9349948007131378430

1262 Shard1697 the Trooper (level 8, -4/62 HPs)
             Began as a Djinni Reaver on July 8, 2023.
             Was an Initiate of Makhleb.
             Slain by a phantom (6 damage)
             ... on level 5 of the Dungeon.
             The game lasted 00:11:52 (4966 turns).

Shard1697 the Trooper (Djinni Reaver)               Turns: 4966, Time: 00:11:53

Health: -4/62      AC:  4    Str: 17    XL:     8   Next: 81%
Gold:   211        EV: 12    Int: 18    God:    Makhleb [......] SH:  5 Dex: 11

rFire   + + .        a - +0 falchion
rCold   x . .        (no shield)
rNeg    . . .        k - +1 leather armour
rPois   ∞            f - +0 hat
rElec   .            (no cloak)
rCorr   .            (no gloves)
SInv    .            (boots unavailable)
Will    .....        g - amulet of reflection
Stlth   +            h - ring of wizardry
HPRegen 0.30/turn    m - +6 ring of strength
MPRegen 0.00/turn

%: reflection, wizardry (x1), infuse magic (-5 HP)
@: weakened, flying
A: sickness immunity, fire resistance 2, cold vulnerability 1, float, innate
caster, HP casting, extra vitality 1
a: Renounce Religion


You were on level 5 of the Dungeon.
You worshipped Makhleb.
Makhleb was noncommittal.
You visited 1 branch of the dungeon, and saw 6 of its levels.

You collected 211 gold pieces.

Inventory:

Hand Weapons
 a - a +0 falchion (weapon)
 b - a +2 dagger of protection
Armour
 c - a +0 scale mail
 f - a +0 hat (worn)
 k - a +1 leather armour (worn)
Jewellery
 g - an amulet of reflection (around neck)
 h - a ring of wizardry (left hand)
 i - a ring of positive energy
 m - a +6 ring of strength (right hand)
Scrolls
 j - a scroll of enchant armour


   Skills:
 * Level 6.8 Fighting
 * Level 6.5 Long Blades
 - Level 2.6 Dodging
 + Level 3.9 Spellcasting
 + Level 3.9 Conjurations
 + Level 3.9 Hexes
   Level 0.0 Charms
 + Level 3.9 Summonings
 + Level 3.9 Necromancy
 + Level 3.9 Translocations
 + Level 3.9 Transmutations
 + Level 3.9 Fire Magic
 + Level 3.9 Ice Magic
 + Level 3.9 Air Magic
 + Level 3.9 Earth Magic
 + Level 3.9 Poison Magic


You knew the following spells:

 Your Spells              Type           Power      Damage    Failure   Level
a - Kiss of Death         Conj/Necr      68%        2d10      1%          1
b - Momentum Strike       Conj/Tloc      34%        3d8       2%          2
c - Hailstorm             Conj/Ice       17%        3d6       4%          3
d - Scorch                Fire           34%        2d6       2%          2
f - Frozen Ramparts       Ice            34%        1d6       4%          3
t - Magic Dart            Conj           68%        1d6       1%          1
Your spell library was empty.

Dungeon Overview and Level Annotations

Branches:
Dungeon (6/15)
 Temple: D:4-7

Altars:
Makhleb
Wu Jian

Shops:
D:1 :


Innate Abilities, Weirdness & Mutations

You are immune to sickness and miasma.
You are immune to poison.
Your flesh is very heat resistant. (rF++)
You are vulnerable to cold. (rC-)
You float through the air rather than walking.
You learn spells naturally, not from books.
Your magical power is your life essence.
You have superior vitality. (+4 MHP)


Message History

You feel a little less mighty now.
Your attacks no longer feel as feeble.
The phantom hits you but does no damage.
You barely miss the phantom.
The phantom is severely damaged.
The phantom hits you.
* * * LOW HITPOINT WARNING * * *
The gnoll bouda gazes fiercely through you!
You feel your attacks grow feeble.
Casting: Frozen Ramparts (dangerous; 4% risk of failure)
Confirm with . or Enter, or press ? or * to list all spells.
Okay, then.
Okay, then.
Casting: Frozen Ramparts (dangerous; 4% risk of failure)
Confirm with . or Enter, or press ? or * to list all spells.
You can't see any susceptible monsters within range! (Use Z to cast anyway.)
You aren't carrying any potions.
Unknown command.
Casting: Frozen Ramparts (dangerous; 4% risk of failure)
Confirm with . or Enter, or press ? or * to list all spells.
Flames lash the gnoll bouda.
You kill the gnoll bouda!
Makhleb accepts your kill.
* * * LOW HITPOINT WARNING * * *
The phantom misses you.
Casting: Scorch (safe; 2% risk of failure)
Confirm with . or Enter, or press ? or * to list all spells.
Okay, then.
Casting: Scorch (safe; 2% risk of failure)
Confirm with . or Enter, or press ? or * to list all spells.
You don't have enough health to cast this spell.
Unknown command.
You hit the phantom but do no damage.
The phantom is severely damaged.
The phantom hits you but does no damage.
You barely miss the phantom.
The phantom is severely damaged.
You hit the phantom but do no damage.
The phantom is severely damaged.
The phantom hits you.
You die...

##§))# ####..)## #.#..)##
##.....# ###
########....###
..#######.........).#.
........................
#..........)......#.##...
###.......#.##.W@###.#.##
###.####.###....##...
####..#.#.#..#.#.##.
#.####.#.......#
####..##........
#..###..........
#..##.##...##...
##..#.##........ #...##
.......


You could see a phantom.

Vanquished Creatures
  A water moccasin (D:5)
  An ice beast (D:5)
  Blork the orc (D:4)
  2 scorpions
  A gnoll sergeant (D:5)
  2 howler monkeys (D:4)
  3 iron imps (D:3)
  2 orc priests
  5 hounds
  A gnoll bouda (D:5)
  An iguana (D:4)
  Natasha (thrice) (D:4)
  2 orc wizards (D:4)
  3 adders
  15 gnolls
  A shadow imp (D:5)
  A white imp (D:5)
  3 worms
  A dart slug (D:2)
  8 orcs
  5 ball pythons
  6 bats
  7 endoplasms
  3 giant cockroaches
  3 goblins
  6 hobgoblins
  2 jackals (D:5)
  3 quokkas
  4 frilled lizards
  4 kobolds
  8 rats
108 creatures vanquished.

Notes
Turn   | Place    | Note
-------+----------+-------------------------------------------
     0 | D:1      | Shard1697 the Djinni Reaver began the quest for the Orb.
     0 | D:1      | Shard1697 set off with the following spells memorised: Kiss
                  | of Death, Momentum Strike, Hailstorm.
     0 | D:1      | Reached XP level 1. HP: 18/18 MP: 0/0
   187 | D:1      | Reached XP level 2. HP: 23/23 MP: 0/0
   417 | D:1      | Found a faded altar of an unknown god.
   871 | D:1      | Reached XP level 3. HP: 27/28 MP: 0/0
   871 | D:1      | Learned a level 1 spell: Magic Dart
  1017 | D:1      | Found Daluxuakyo's Book Emporium.
  1847 | D:3      | You are sucked into a shaft and drop 3 floors!
  1883 | D:5      | Entered Level 5 of the Dungeon
  1890 | D:4      | Noticed Blork the orc
  1914 | D:5      | Reached XP level 4. HP: 22/34 MP: 0/0
  2186 | D:5      | Reached XP level 5. HP: 37/40 MP: 0/0
  2186 | D:5      | Learned a level 2 spell: Scorch
  2365 | D:5      | Noticed an ice beast
  2374 | D:5      | Killed an ice beast
  2375 | D:5      | Reached XP level 6. HP: 38/47 MP: 0/0
  2556 | D:5      | Noticed a water moccasin
  2582 | D:5      | Killed a water moccasin
  2583 | D:5      | Reached XP level 7. HP: 32/46 MP: 0/0
  2583 | D:5      | Learned a level 3 spell: Frozen Ramparts
  2592 | D:5      | Reached skill level 5 in Fighting
  2592 | D:5      | Reached skill level 5 in Long Blades
  2930 | D:4      | Found an ornate altar of the Wu Jian Council.
  3113 | D:4      | Killed Blork the orc
  3114 | D:4      | Reached XP level 8. HP: 48/60 MP: 0/0
  3388 | D:4      | Noticed Natasha
  3396 | D:4      | Killed Natasha
  3591 | D:4      | HP: 1/61 [iguana (13)]
  4156 | D:3      | Found a burning altar of Makhleb.
  4208 | D:3      | Became a worshipper of Makhleb the Destroyer
  4643 | D:4      | Noticed Natasha
  4648 | D:4      | Killed Natasha
  4717 | D:4      | Noticed Natasha
  4726 | D:4      | Killed Natasha
  4962 | D:5      | HP: 3/62 [phantom (3)]
  4966 | D:5      | Slain by a phantom

Illustrated notes

Levels and vault maps discovered:
D:1:      heliophobic_arrival_glass_houses, layout_basic, serial_shops,
          nicolae_shop_peninsula, shapermc_ecumenical_altar_starsandcircs,
          minmay_fountain_box
D:2:      layout_basic
D:3:      layout_rooms, demons_altar
D:4:      layout_cave_pods, mainiacjoe_overflow_cross_hatched,
          uniq_blork_the_orc, uniq_natasha
D:5:      layout_layer_cave, mainiacjoe_overflow_surrounded_room
D:6:      layout_basic, kennysheep_little_box, minmay_temple_entry_fiery,
          serial_park_tiny_1, lightli_corner_chamber

Skill      XL: |  1  2  3  4  5  6  7  8 |
---------------+-------------------------+-----
Spellcasting   | 3 |  3.9
Conjurations   | 3 |  3.9
Hexes          | 3 |  3.9
Summonings     | 3 |  3.9
Necromancy     | 3 |  3.9
Translocations | 3 |  3.9
Transmutations | 3 |  3.9
Fire Magic     | 3 |  3.9
Ice Magic      | 3 |  3.9
Air Magic      | 3 |  3.9
Earth Magic    | 3 |  3.9
Poison Magic   | 3 |  3.9
Long Blades    | 3 4 5 6 |  6.5
Fighting       | 3 4 5 6 |  6.8
Dodging        | |  2.6

Action                     |  1- 3 |  4- 6 |  7- 9 || total
---------------------------+-------+-------+-------++-------
  Melee: Falchion          |    90 |    39 |   170 ||   299
         Punch             |       |     1 |     1 ||     2
   Cast: Magic Dart        |    25 |    26 |    48 ||    99
         Momentum Strike   |     4 |     5 |     2 ||    11
         Scorch            |       |    13 |     6 ||    19
         Kiss of Death     |       |     2 |       ||     2
         Frozen Ramparts   |       |       |    17 ||    17
         Hailstorm         |       |       |     3 ||     3
    Use: Scroll            |     3 |     3 |     3 ||     9
         Potion            |     1 |     1 |     3 ||     5
 Armour: Leather armour    |    14 |     6 |    40 ||    60
  Dodge: Dodged            |    41 |    33 |    90 ||   164
  Block: Other             |    26 |    24 |    35 ||    85
         Reflection        |       |       |     1 ||     1

Table legend: (Time is in decaauts)
 A = Elapsed time spent in this place.
 B = Non-inter-level travel time spent in this place.
 C = Inter-level travel time spent in this place.
 D = Time resting spent in this place.
 E = Time spent auto-exploring this place.
 F = Levels seen in this place.
 G = Mean time per level.
                   A        B        C        D        E       F      G
               +--------+--------+--------+--------+--------+-----+--------+
         Total |   4986 |   4792 |    194 |    882 |   2828 |   6 |  831.0 |
       Dungeon |   4986 |   4792 |    194 |    882 |   2828 |   6 |  831.0 |
               +--------+--------+--------+--------+--------+-----+--------+

Top non-repeatable levels by time:
     D:4: 1502 daAuts
     D:1: 1115 daAuts
     D:5: 1031 daAuts
     D:2: 682 daAuts
     D:3: 618 daAuts
     D:6: 35 daAuts
